AoeStats
← AiM | mc_cario

Arabia

509516360Analyzed
3v3 RM · 6d ago on Sep 27, 2026· 50m 7s· 6 players
Game mode
Random Map
Map size
Normal (6 player)
Population
200
Speed
Normal
Resources
Standard
Victory
Conquest
Starting age
Dark Age
Ending age
Imperial Age
RankedLock teamsTeams togetherTeam positionsShared explorationLock speedFull tech treeHidden civsTurbo modeCheats
Victory
Defeat
🇨🇱 Danes · Chile
1664
+8
🇨🇱 Varangians · Chile
1534
+13
🇨🇱 Saxons · Chile
1368
+20
🇦🇷 Burgundians · Argentina
1487
-14
🇦🇷 Japanese · Argentina
1470
-14
🇦🇷 Vietnamese · Argentina
1462
-13
TQLeo
6:07 Loom
8:51 Feudal Age
7:24 Double-Bit Axe
10:08 Bow Saw
14:53 Wheelbarrow
16:25 Hand Cart
17:53 Scale Barding Armor
20:37 Castle Age
20:00 Forging
20:58 Horse Collar
21:04 Cavalier
21:45 Husbandry
21:59 Light Cavalry
23:03 Heavy Plow
23:37 Gold Mining
24:40 Town Watch
26:24 Chain Barding Armor
27:50 Iron Casting
35:05 Crop Rotation
42:00 Stone Mining
44:43 Two-Man Saw
44:46 Fletching
48:19 Imperial Age
47:11 Ballistics
GABO
8:24 Feudal Age
8:52 Man-at-Arms
9:35 Loom
16:50 Fletching
17:01 Padded Archer Armor
27:03 Castle Age
25:31 Double-Bit Axe
26:00 Gold Mining
27:05 Crossbowman
27:43 Bodkin Arrow
29:47 Leather Archer Armor
31:28 Ballistics
35:40 Thumb Ring
40:23 Town Watch
44:10 Bow Saw
47:36 Horse Collar
50:05 Gold Shaft Mining
The Kickerous
7:41 Loom
10:02 Feudal Age
10:48 Double-Bit Axe
10:29 Man-at-Arms
15:29 Fletching
17:38 Padded Archer Armor
21:25 Wheelbarrow
25:12 Castle Age
26:23 Bodkin Arrow
26:21 Crossbowman
27:40 Bow Saw
30:30 Ballistics
31:37 Leather Archer Armor
32:48 Thumb Ring
44:38 Town Watch
47:50 Imperial Age
48:03 Arbalester
48:51 Bracer
49:53 Chemistry
AiM | mc_cario
6:15 Loom
8:26 Feudal Age
15:04 Double-Bit Axe
15:53 Fletching
23:12 Castle Age
22:18 Padded Archer Armor
23:21 Crossbowman
24:10 Bodkin Arrow
27:31 Horse Collar
28:40 Bow Saw
31:20 Wheelbarrow
30:40 Town Watch
32:58 Ballistics
34:24 Thumb Ring
39:59 Imperial Age
40:53 Bracer
43:22 Chemistry
42:24 Gold Mining
42:28 Stone Mining
43:15 Arbalester
44:13 Masonry
48:34 Leather Archer Armor
50:04 Siege Engineers
NPG | Joako
6:05 Loom
8:46 Feudal Age
9:34 Double-Bit Axe
13:32 Fletching
22:33 Castle Age
22:28 Padded Archer Armor
23:12 Bodkin Arrow
23:33 Bow Saw
23:13 Horse Collar
27:09 Elite Skirmisher
28:03 Husbandry
40:35 Wheelbarrow
39:47 Town Watch
41:07 Thumb Ring
41:56 Ballistics
44:47 Imperial Age
45:17 Leather Archer Armor
45:49 Bracer
45:10 Cranequins
47:17 Bloodlines
49:45 Chemistry
48:18 Heavy Mounted Crossbowman
50:09 Ring Archer Armor
50:03 Heavy Plow
51:26 Chemistry
QNA_Basualt
6:11 Loom
6:38 Loom
9:16 Feudal Age
10:04 Double-Bit Axe
10:00 Horse Collar
16:58 Wheelbarrow
22:13 Castle Age
20:41 Bloodlines
21:09 Scale Barding Armor
21:42 Forging
22:29 Gold Mining
22:39 Light Cavalry
23:32 Bow Saw
23:25 Heavy Plow
25:39 Husbandry
26:45 Chain Barding Armor
30:56 Hand Cart
31:23 Iron Casting
34:13 Stone Mining
34:20 Town Watch
39:58 Imperial Age
40:03 Stone Shaft Mining
41:20 Plate Barding Armor
40:06 Cavalier
40:13 Vendel Legacy
42:41 Hussar
45:16 Blast Furnace
44:07 Fletching
44:40 Ballistics
47:51 Conscription
48:20 Treadmill Crane
48:51 Masonry
49:41 Chemistry
48:47 Siege Engineers
49:22 Elite Jarl
Connection lost

Rejoining the realm…

Still unreachable

The connection could not be restored.

Session expired

The server has moved on; the page needs a fresh start.